 Dungeon Crawl Stone Soup version 0.21.1-1-g345015f (webtiles) character file.

49 Lilu the Firebug (level 3, -5/19 HPs)
             Began as a Deep Elf Fire Elementalist on July 28, 2018.
             Slain by a goblin
             ... wielding a +0 club
             ... led by Robin
              (6 damage)
             ... on level 3 of the Dungeon.
             The game lasted 00:05:54 (1430 turns).

Lilu the Firebug (Deep Elf Fire Elementalist)       Turns: 1430, Time: 00:05:55

Health: -5/19      AC:  2    Str:  6    XL:     3   Next: 51%
Magic:  9/9        EV: 13    Int: 19    God:
Gold:   73         SH:  0    Dex: 15    Spells: 4/8 levels left

rFire    + . .     SeeInvis .   f - +0 spear (distort)
rCold    x . .     Gourm    .   (no shield)
rNeg     . . .     Faith    .   a - +0 robe
rPois    .         Spirit   .   (no helmet)
rElec    .         Reflect  .   (no cloak)
rCorr    .         Harm     +   (no gloves)
MR       .....                  (no boots)
Stlth    +++.......             o - amulet of harm
HPRegen  0.06/turn              p - ring of fire
MPRegen  0.11/turn              s - ring of stealth

@: no status effects
A: no striking features
a: no special abilities


You were on level 3 of the Dungeon.
You were not hungry.

You visited 1 branch of the dungeon, and saw 3 of its levels.

You collected 73 gold pieces.

Inventory:

Hand Weapons
 f - a +0 spear of distortion (weapon)
Armour
 a - a +0 robe (worn)
Jewellery
 o - an amulet of harm (around neck)
 p - a ring of fire (left hand)
 s - a ring of stealth (right hand)
Scrolls
 d - 2 scrolls of blinking {unknown}
 e - 5 scrolls of identify {unknown}
 g - 2 scrolls of teleportation {unknown}
 h - a scroll of magic mapping {unknown}
 j - a scroll of fog {unknown}
 m - 2 scrolls of noise {unknown}
 r - 3 scrolls of immolation {unknown}
 t - a scroll of remove curse {unknown}
Potions
 k - a potion of curing {unknown}
 l - 2 potions of lignification {unknown}
 n - a potion of degeneration {unknown}
 q - 2 potions of might {unknown}
 u - a potion of mutation {unknown}
Books
 b - a book of Flames

   Spells                             Type                      Level
   a - Flame Tongue                   Conjuration/Fire             1
   b - Throw Flame                    Conjuration/Fire             2
   c - Conjure Flame                  Conjuration/Fire             3
   d - Inner Flame                    Hexes/Fire                   3
   e - Sticky Flame                   Conjuration/Fire             4
   f - Fireball                       Conjuration/Fire             5
Comestibles
 c - 2 rations


   Skills:
 - Level 2.4 Dodging
 - Level 2.4 Stealth
 - Level 3.0 Spellcasting
 * Level 3.2 Conjurations
 + Level 3.9 Fire Magic


You had 4 spell levels left.
You knew the following spells:

 Your Spells              Type           Power        Failure   Level  Hunger
a - Flame Tongue          Conj/Fire      ###..        3%          1    None
b - Conjure Flame         Conj/Fire      ###.....     11%         3    ###....


Dungeon Overview and Level Annotations

Branches:
Dungeon (3/15)

Altars:

Annotations:
D:3 Robin


Message History

You kill the goblin!
You start resting.
Magic restored.
You start resting.
You are feeling hungry.
You eat one of the 3 rations.
That ration really hit the spot!
You climb downwards.
Level annotation: Robin The hobgoblin barely misses you.
Robin roars a battlecry!
The goblins go into a battle-frenzy!
The goblin misses you.
There is a stone staircase leading up here.
You barely miss the hobgoblin. The hobgoblin hits you with a club!
The goblin hits you with a club!
* * * LOW HITPOINT WARNING * * *
Robin misses you. The hobgoblin hits you with a club.
* * * LOW HITPOINT WARNING * * *
The goblin hits you with a club.
You die...

#### #### #..
... #.#
.#.###.###.####
.......@ggg..$#
.#.###g###g##.#
#. #..g...# ..
#g.g.### ###
....g..
gg....#.#
.......# #
.......#
##.<...##


You could see Robin, 2 hobgoblins and 2 goblins.

Vanquished Creatures
  Natasha (D:2)
  4 bats
  7 goblins
  3 hobgoblins
  A quokka (D:2)
  A frilled lizard (D:1)
  5 rats
22 creatures vanquished.

Notes
Turn   | Place    | Note
-------+----------+-------------------------------------------
     0 | D:1      | Lilu the Deep Elf Fire Elementalist began the quest for the Orb.
     0 | D:1      | Reached XP level 1. HP: 10/10 MP: 6/6
   503 | D:1      | You fall through a shaft!
   698 | D:2      | Reached XP level 2. HP: 15/15 MP: 8/8
   744 | D:2      | Noticed Natasha
   748 | D:2      | Killed Natasha
   748 | D:2      | Reached XP level 3. HP: 11/19 MP: 4/9
  1085 | D:2      | Learned a level 3 spell: Conjure Flame
  1278 | D:3      | Noticed Robin
  1430 | D:3      | Slain by a goblin

Skill      XL: |  1  2  3 |
---------------+----------+-----
Conjurations   | 2 3 |  3.2
Dodging        | |  2.4
Stealth        | |  2.4
Spellcasting   | |  3.0
Fire Magic     | |  3.9

Action                   || total
-------------------------++-------
Melee: Spear             ||    38
 Cast: Flame Tongue      ||    14
 Stab: Sleeping          ||     6
  Eat: Ration            ||     1
       Chunk             ||     1
Armor: Robe              ||     2
Dodge: Dodged            ||    24
